 Dungeon Crawl Stone Soup version 0.31-a0-949-g57150269e1 (webtiles) character file.

Game seed: 1653849606866346526

50 Zonian the Magician (level 3, -5/19 HPs)
             Began as a Deep Elf Hedge Wizard on Oct 21, 2023.
             Slain by an orc
             ... wielding a +0 flail
              (10 damage)
             ... on level 2 of the Dungeon.
             The game lasted 00:01:29 (1525 turns).

Zonian the Magician (Deep Elf Hedge Wizard)         Turns: 1525, Time: 00:01:30

Health: -5/19      AC:  2    Str:  7    XL:     3   Next: 55%
Magic:  5/11       EV: 13    Int: 20    God:
Gold:   82         SH:  0    Dex: 14    Spells: 10/11 levels left

rFire   . . .        a - +0 dagger
rCold   + . .        (no shield)
rNeg    . . .        b - +0 robe
rPois   .            c - +0 hat
rElec   .            (no cloak)
rCorr   .            (no gloves)
SInv    .            (no boots)
Will    .....        (no amulet)
Stlth   ++           i - ring of protection from cold
HPRegen 0.23/turn    (no ring)
MPRegen 0.12/turn

%: no passive effects
@: very slightly contaminated
A: no striking features
a: no special abilities


You were on level 2 of the Dungeon.
You visited 1 branch of the dungeon, and saw 2 of its levels.

You collected 82 gold pieces.

Inventory:

Hand Weapons
 a - a +0 dagger (weapon)
 h - a +0 rapier
Armour
 b - a +0 robe (worn)
 c - a +0 hat (worn)
Jewellery
 i - a ring of protection from cold (left hand)
Scrolls
 e - 2 scrolls of identify {unknown}
 f - a scroll of teleportation {unknown}
 g - a scroll of silence {unknown}
Potions
 d - a potion of magic


   Skills:
 + Level 2.9 Dodging
 + Level 3.2 Stealth
 + Level 4.7 Spellcasting
 + Level 1.8 Conjurations
 + Level 1.7 Summonings
 + Level 1.8 Translocations


You had 10 spell levels left.
You knew the following spells:

 Your Spells              Type           Power      Damage    Failure   Level
a - Magic Dart            Conj           44%        1d5       6%          1

Your spell library contained the following spells:

 Spells                   Type           Power      Damage    Failure   Level
 Blink                    Tloc           24%        N/A       9%          2
 Call Imp                 Summ           22%        N/A       9%          2
 Slow                     Hex            16%        N/A       12%         1
 Cigotuvi's Dreadful Rot  Necr/Pois/Air  8%         N/A       19%         2
 Mephitic Cloud           Conj/Pois/Air  7%         N/A       28%         3


Dungeon Overview and Level Annotations

Branches:
Dungeon (2/15)

Altars:


Message History

The magic dart hits the adder.
The adder is almost dead.
The adder misses you.
The magic dart hits the adder.
You kill the adder!
You can't see any susceptible monsters within range! (Use Z to cast anyway.) Unknown command.
An orc comes into view. It is wielding a +0 flail.
An orc is nearby!
Unknown command.
The magic dart hits the orc.
The orc is lightly wounded.
The orc shouts!
The magic dart hits the orc but does no damage.
The orc is lightly wounded.
The magic dart hits the orc but does no damage.
The orc is lightly wounded.
You can't see any susceptible monsters within range! (Use Z to cast anyway.)
You can't see any susceptible monsters within range! (Use Z to cast anyway.)
You can't see any susceptible monsters within range! (Use Z to cast anyway.)
The magic dart hits the orc.
The orc is moderately wounded.
The orc hits you with a +0 flail!
The magic dart hits the orc.
The orc is severely wounded.
The orc hits you with a +0 flail.
* * * LOW HITPOINT WARNING * * *
You are too injured to fight recklessly!
You are too injured to fight recklessly!
Unknown command.
Casting: Magic Dart (safe; 6% risk of failure)
Confirm with . or Enter, or press ? or * to list all spells.
Aiming: Magic Dart (safe; 6% risk of failure)
Press: ? - help, Shift-Dir - straight line, f/p - orc
Aim: an orc, wielding a +0 flail and wearing a +0 scale mail (severely wounded, 100% to hit)
You miscast Magic Dart.
You are very lightly contaminated with residual magic.
Nothing appears to happen.
The orc hits you with a +0 flail!
Ouch! That really hurt!
You die...

#..........#
#.#.#...##.# ####
#.#.#...##.# ..#
#.#........# #.#
#.#.##.##...
#.###.#.##.##..#
#.#######..............#
#.............#..>......
#.:@.....##.###.###.
#.#o####.#.## #.# #. #
#.. #..# #.# #. ....
...# #..... ....###..#
###†.# #.#### ..#. #)#
## #.... #.# ..## #.#
#.#


You could see an orc.

Vanquished Creatures
  2 adders (D:2)
  3 dart slugs
  An endoplasm (D:2)
  A giant cockroach (D:1)
  2 goblins
  2 hobgoblins
  A quokka (D:1)
  2 ball pythons (D:1)
  2 bats (D:1)
  4 frilled lizards (D:1)
  3 kobolds
  6 rats
29 creatures vanquished.

Notes
Turn   | Place    | Note
-------+----------+-------------------------------------------
     0 | D:1      | Zonian the Deep Elf Hedge Wizard began the quest for the
                  | Orb.
     0 | D:1      | Reached XP level 1. HP: 10/10 MP: 7/7
   468 | D:1      | Reached XP level 2. HP: 15/15 MP: 3/9
  1254 | D:2      | Reached XP level 3. HP: 19/19 MP: 4/11
  1525 | D:2      | Slain by an orc

Illustrated notes

Levels and vault maps discovered:
D:1:      dpeg_arrival_renting, layout_loops_ring
D:2:      layout_loops_ring, guppyfry_early_orc_mine

Skill      XL: |  1  2 |
---------------+-------+-----
Stealth        | 3 |  3.2
Dodging        | |  2.9
Spellcasting   | |  4.7
Conjurations   | |  1.8
Summonings     | |  1.7
Translocations | |  1.8

Action                     || total
---------------------------++-------
  Melee: Dagger            ||     7
         Punch             ||     1
   Cast: Magic Dart        ||    70
   Stab: Sleeping          ||     1
 Armour: Robe              ||    15
  Dodge: Dodged            ||    21

Table legend: (Time is in decaauts)
 A = Elapsed time spent in this place.
 B = Non-inter-level travel time spent in this place.
 C = Inter-level travel time spent in this place.
 D = Time resting spent in this place.
 E = Time spent auto-exploring this place.
 F = Levels seen in this place.
 G = Mean time per level.
                   A        B        C        D        E       F      G
               +--------+--------+--------+--------+--------+-----+--------+
         Total |   1524 |   1508 |     16 |    241 |   1087 |   2 |  762.0 |
       Dungeon |   1524 |   1508 |     16 |    241 |   1087 |   2 |  762.0 |
               +--------+--------+--------+--------+--------+-----+--------+

Top non-repeatable levels by time:
     D:1: 1117 daAuts
     D:2: 407 daAuts
